 Dungeon Crawl Stone Soup version 0.23.2-40-g277498a001 (webtiles) character file.

Game seed: 14320364347674605272

5 MalarOregon the Grave Robber (level 1, 0/14 HPs)
             Began as a Draconian Necromancer on Sept 19, 2019.
             Slain by a bat (1 damage)
             ... on level 1 of the Dungeon.
             The game lasted 00:00:19 (191 turns).

MalarOregon the Grave Robber (Draconian Necromancer) Turns: 191, Time: 00:00:20

Health: 0/14       AC:  4    Str: 10    XL:     1   Next: 66%
Magic:  0/3        EV: 12    Int: 15    God:
Gold:   13         SH:  0    Dex: 11    Spells: 3/4 levels left

rFire    . . .     SeeInvis .   (no weapon)
rCold    . . .     Gourm    .   (no shield)
rNeg     . . .     Faith    .   (armour unavailable)
rPois    .         Spirit   .   (helmet restricted)
rElec    .         Reflect  .   (no cloak)
rCorr    .         Harm     .   (no gloves)
MR       .....                  (no boots)
Stlth    ++........             (no amulet)
HPRegen  0.04/turn              (no ring)
MPRegen  0.08/turn              (no ring)

@: no status effects
A: unfitting armour, cold-blooded, AC +4
a: no special abilities


You were on level 1 of the Dungeon.
You were not hungry.

You visited 1 branch of the dungeon, and saw 1 of its levels.

You collected 13 gold pieces.

Inventory:

Scrolls
 a - a scroll of teleportation {unknown}
Comestibles
 b - a chunk of flesh
 e - a ration {!d}


   Skills:
 + Level 1.9 Dodging
 + Level 1.9 Stealth
 + Level 2.1 Spellcasting
 + Level 4.0 Necromancy


You had 3 spell levels left.
You knew the following spells:

 Your Spells              Type           Power        Failure   Level  Hunger
a - Pain                  Necr           ##..         4%          1    #......

Your spell library contained the following spells:

 Spells                   Type           Power        Failure   Level  Hunger
 Animate Skeleton         Necr           N/A          4%          1    #......
 Vampiric Draining        Necr           ##........   12%         3    ###....
 Regeneration             Chrm/Necr      #.........   28%         3    ###....
 Animate Dead             Necr           N/A          38%         4    #####..


Dungeon Overview and Level Annotations

Branches:
Dungeon (1/15)

Altars:


Innate Abilities, Weirdness & Mutations

Your plain brown scales are hard. (AC +4)
You cannot fit into any form of body armour.
You are cold-blooded and may be slowed by cold attacks.


Message History

You start resting.
A bat and a kobold come into view.
The kobold shouts!
The bat moves out of view.
Found 10 poisoned needles.
There is an open door here.
A kobold is nearby!
A kobold is nearby!
You can't see any susceptible monsters within range! (Use Z to cast anyway.) Unknown command.
A hobgoblin comes into view.
The hobgoblin shouts!
Found 3 gold pieces and a pair of gloves.
Aim: a kobold (chance to defeat MR: 83%)
The kobold writhes in agony.
You kill the kobold!
Aim: a bat (chance to defeat MR: 83%)
The bat writhes in agony.
A kobold comes into view. It is wielding a +0 dagger.
Aim: a bat (severely wounded, chance to defeat MR: 83%)
The bat barely resists.
The bat barely misses you.
You don't have enough magic to cast that spell.
The bat closely misses you.
You closely miss the bat. The bat barely misses you.
The hobgoblin barely misses you.
You barely miss the hobgoblin. The bat hits you but does no damage.
The hobgoblin barely misses you.
You closely miss the hobgoblin.
Your tail-slap misses the hobgoblin.
The bat misses you. The hobgoblin closely misses you.
You hit the kobold but do no damage. You tail-slap the kobold.
You kill the kobold!
The bat misses you. The hobgoblin closely misses you.
You hit the hobgoblin but do no damage. The bat closely misses you.
The hobgoblin hits you.
* * * LOW HITPOINT WARNING * * *
You don't have enough magic to cast that spell.
You hit the hobgoblin. The bat closely misses you.
The hobgoblin barely misses you.
You hit the hobgoblin but do no damage. The bat hits you but does no damage. x2
The hobgoblin barely misses you.
You completely miss the hobgoblin. The hobgoblin barely misses you.
The bat misses you.
You hit the hobgoblin.
The bat barely misses you. x2; The hobgoblin hits you.
* * * LOW HITPOINT WARNING * * *
Aim: a bat (severely wounded, chance to defeat MR: 83%)
The hobgoblin barely resists.
The bat barely misses you. The hobgoblin hits you.
* * * LOW HITPOINT WARNING * * *
You barely miss the hobgoblin. The bat hits you.
You die...

##+####......
#[...........
#.........(..
#............
#...........$
#............
#...bg.......
#....@..# #
####..#.# .#
##'#+##.#
#.......# ##.
#.......# #
##...
#.......# .##
##....⌠
###.>#....
...#....⌠..
##.#....
⌠.....⌠....
#.# ...


You could see a hobgoblin and a bat.

Vanquished Creatures
  A giant cockroach (D:1)
  A hobgoblin (D:1)
  2 kobolds (D:1)
  A rat (D:1)
5 creatures vanquished.

Notes
Turn   | Place    | Note
-------+----------+-------------------------------------------
     0 | D:1      | MalarOregon the Draconian Necromancer began the quest for
                  | the Orb.
     0 | D:1      | Reached XP level 1. HP: 14/14 MP: 3/3
   191 | D:1      | Slain by a bat

Action                   || total
-------------------------++-------
Melee: Unarmed           ||    10
       Tailslap          ||     1
 Cast: Pain              ||    10
Armor: Skin              ||     3
Dodge: Dodged            ||    18
